 Dungeon Crawl Stone Soup version 0.31-a0-965-g8a8ce12e04 (webtiles) character file.

Game seed: 606741715756464911

1822 drugrobin the Grappler (level 8, 0/62 HPs)
             Began as a Demigod Delver on Oct 26, 2023.
             Killed from afar by a white imp (2 damage)
             ... with a puff of frost
             ... on level 7 of the Dungeon on Oct 27, 2023.
             The game lasted 00:21:10 (6976 turns).

drugrobin the Grappler (Demigod Delver)             Turns: 6976, Time: 00:21:10

Health: 0/62       AC:  9    Str: 21    XL:     8   Next: 55%
Magic:  10/10      EV:  8    Int: 12    God:
Gold:   273        SH:  0    Dex: 15    Spells: 7/7 levels left

rFire   . .          .
                       - Unarmed
rCold   . . .        (no shield)
rNeg    . . .        r - +0 chain mail
rPois   .            (no helmet)
rElec   .            (no cloak)
rCorr   .            D - +0 pair of gloves
SInv    .            (no boots)
Will    .....        (no amulet) Stlth
                     (no ring)
HPRegen 0.30/turn    (no ring)
MPRegen 0.12/turn

%: no passive effects
@: no status effects
A: high MP 1, forlorn, divine attributes
a: no special abilities


You were on level 7 of the Dungeon.
You visited 1 branch of the dungeon, and saw 7 of its levels.

You collected 273 gold pieces.

Inventory:

Hand Weapons
 b - a +0 sling
 c - a +0 dagger of venom
 E - the +3 whip of Descent {holy, rC+ Str-4 Int+2 Dex+5}
   (You took it off a gnoll on level 4 of the Dungeon)

   Str-4:     It affects your strength (-4).
   Int+2:     It affects your intelligence (+2).
   Dex+5:     It affects your dexterity (+5).
   rC+:       It protects you from cold.
Missiles
 n - 13 poisoned darts
 F - 3 boomerangs (quivered)
 G - 2 javelins
Armour
 a - a +0 leather armour
 r - a +0 chain mail (worn)
 D - a +0 pair of gloves (worn)
Talismans
 I - a blade talisman
Wands
 f - a wand of digging (3)
 h - a wand of roots (3)
 J - a wand of mindburst (11)
Scrolls
 d - 4 scrolls of fear
 i - 2 scrolls of poison {unknown}
 j - 4 scrolls of enchant armour {unknown}
 k - a scroll of vulnerability {unknown}
 l - 4 scrolls of teleportation {unknown}
 m - 4 scrolls of identify {unknown}
 p - 4 scrolls of fog
 s - 6 scrolls of enchant weapon {unknown}
 w - a scroll of silence {unknown}
 y - a scroll of butterflies {unknown}
 A - 2 scrolls of blinking {unknown}
 B - a scroll of noise {unknown}
 C - a scroll of revelation
Potions
 e - 3 potions of haste
 g - a potion of berserk rage {unknown}
 o - a potion of curing {unknown}
 q - 2 potions of attraction {unknown}
 t - a potion of ambrosia {unknown}
 u - a potion of enlightenment {unknown}
 v - a potion of invisibility {unknown}
 x - 4 potions of heal wounds {unknown}
 z - a potion of mutation {unknown}
 H - 2 potions of degeneration {unknown}


   Skills:
 - Level 2.6 Fighting
 - Level 1.7 Dodging
 - Level 4.5 Stealth
 + Level 9.3 Unarmed Combat
 - Level 4.0 Evocations
 + Level 2.6 Shapeshifting


You had 7 spell levels left.
You didn't know any spells.
Your spell library contained the following spells:

 Spells                   Type           Power      Damage    Failure   Level
 Magic Dart               Conj           0%         1d3       95%         1
 Call Imp                 Summ           0%         N/A       99%         2
 Gell's Gravitas          Tloc           0%         N/A       100%        3
 Mephitic Cloud           Conj/Pois/Air  0%         N/A       100%        3
 Teleport Other           Tloc           0%         N/A       100%        3
 Dispersal                Tloc           0%         N/A       100%        6


Dungeon Overview and Level Annotations

Branches:
Dungeon (7/15)             Temple (0/1) D:5

Annotations:
D:3 1 runed translucent door, exclusion: downstairs, Crazy Yiuf
D:4 exclusion: jelly, Sigmund
D:7 2 runed translucent doors


Innate Abilities, Weirdness & Mutations

You have an increased reservoir of magic. (+10% MP)
You shall have no god before yourself.
Your divine heritage dramatically boosts your attributes as you level up.


Message History

Press: ? - help, Shift-Dir - straight line, f/p - orc warrior
Aim: an orc warrior, wielding a +0 battleaxe and wearing a +0 plate armour (severely wounded)
The roots erupt in riotous growth!
Roots grab the orc warrior.
Roots grab the orc warrior.
The grasping roots constrict the orc warrior, but do no damage. x2
The orc warrior hits you with a +0 battleaxe!
* * * LOW HITPOINT WARNING * * *
Unknown command.
The grasping roots constrict the orc warrior. x2
The orc warrior struggles to escape constriction.
Unknown command.
Unknown command.
The grasping roots constrict the orc warrior. x2
The roots release their grip on the orc warrior. x2
Found a sapphire potion.
A white imp comes into view.
The white imp shouts, "Bolt, thou yeasty flap-mouthed whip-jack!"
Okay, then.
Unknown command.
Unknown command.
Unknown command.
Unknown command.
Unknown command.
The white imp gestures at you. The puff of frost misses you.
Unknown command.
Unknown command.
Unknown command.
The white imp gestures at you. The puff of frost hits you.
* * * LOW HITPOINT WARNING * * *
You see here a sapphire potion.
Unknown command.
Unknown command.
Unknown command.
Unknown command.
The white imp gestures at you. The puff of frost hits you.
You die...

#. #.# #. #.# #.
#.# #####. #.#
#..... #.#
#.#### #.#
#######.# #.#
#.......# #@#
#.####### #!#
#.# ##.## #.#
#5.o## #.#
#.###.###.# #.
#.o.#.### #
#.#z#...#######
..##.###........
### #.#
#..######


You could see an orc warrior and a white imp.

Vanquished Creatures
  Grinder (D:3)
  A steam dragon (D:6)
  An ogre (D:7)
  4 black bears
  An ice beast (D:7)
  2 phantoms
  A kobold brigand (D:5)
  Blork the orc (D:5)
  2 bullfrogs
  A scorpion (D:5)
  A hound (D:7)
  A jelly (D:5)
  A gnoll bouda (D:5)
  3 sleepcaps
  2 orc wizards (D:3)
  Robin (D:4)
  7 adders
  6 gnolls
  A shadow imp (D:6)
  5 white imps
  A dart slug (D:1)
  12 orcs
  7 bats
  3 endoplasms
  2 giant cockroaches
  8 hobgoblins
  A quokka (D:1)
  8 ball pythons
  7 frilled lizards
  14 goblins
  5 kobolds
  7 rats
  A spectral orc (D:5)
119 creatures vanquished.

Vanquished Creatures (others)
  An orc (D:6)
1 creature vanquished.

Grand Total: 120 creatures vanquished

Notes
Turn   | Place    | Note
-------+----------+-------------------------------------------
     0 | D:5      | drugrobin the Demigod Delver began the quest for the Orb.
     0 | D:5      | Reached XP level 1. HP: 18/18 MP: 3/3
    31 | D:5      | Noticed a sleepcap
    69 | D:4      | Noticed a jelly
   107 | D:3      | Noticed an orc wizard
   187 | D:4      | Noticed Sigmund
   206 | D:5      | Noticed a black bear
   255 | D:4      | Reached skill level 2 in Unarmed Combat
   578 | D:1      | Reached XP level 2. HP: 19/25 MP: 4/4
   849 | D:1      | Reached skill level 3 in Unarmed Combat
  1634 | D:2      | Reached XP level 3. HP: 14/30 MP: 5/5
  2526 | D:3      | Found a runed translucent door.
  2527 | D:3      | Noticed Crazy Yiuf
  2707 | D:3      | Noticed Grinder
  2725 | D:3      | Paralysed by Grinder for 2 turns
  2726 | D:3      | Reached skill level 4 in Unarmed Combat
  2736 | D:3      | Killed Grinder
  2737 | D:3      | Reached skill level 5 in Unarmed Combat
  2737 | D:3      | Reached XP level 4. HP: 31/37 MP: 6/6
  2737 | D:3      | Reached XP level 5. HP: 36/42 MP: 7/7
  2883 | D:3      | Reached XP level 6. HP: 45/50 MP: 8/8
  2935 | D:3      | Reached skill level 6 in Unarmed Combat
  2972 | D:3      | Reached skill level 1 in Evocations
  3532 | D:4      | Noticed Robin
  3563 | D:4      | Killed Robin
  3572 | D:4      | HP: 2/50 [poisoned by a goblin]
  3875 | D:4      | Identified the +3 whip of Descent {holy, rC+ Str-4 Int+2
                  | Dex+5}
  4628 | D:5      | Found a staircase to the Ecumenical Temple.
  4659 | D:5      | Noticed Blork the orc
  4672 | D:5      | Killed Blork the orc
  4673 | D:5      | Reached XP level 7. HP: 34/56 MP: 9/9
  5218 | D:5      | Reached skill level 7 in Unarmed Combat
  5453 | D:6      | Noticed a steam dragon
  5729 | D:5      | Reached skill level 8 in Unarmed Combat
  5812 | D:6      | Killed a steam dragon
  5813 | D:6      | Reached XP level 8. HP: 5/62 MP: 10/10
  6271 | D:6      | Reached skill level 1 in Shapeshifting
  6369 | D:6      | Reached skill level 9 in Unarmed Combat
  6922 | D:7      | Found a large runed translucent door.
  6922 | D:7      | Found a large runed translucent door.
  6927 | D:7      | Noticed a boulder beetle
  6927 | D:7      | Noticed a troll
  6960 | D:7      | HP: 1/62 [orc warrior/+0 battleaxe (9)]
  6975 | D:7      | HP: 1/62 [white imp/puff of frost (4)]
  6976 | D:7      | Killed from afar by a white imp

Illustrated notes

Levels and vault maps discovered:
D:1:      lemuel_arrival_hallway, layout_basic, nrook_uturn
D:2:      layout_loops_cross, ebering_ecumenical_altar_webs, serial_rivers,
          chequers_serial_rivers_large_b, chequers_serial_rivers_small_3,
          chequers_serial_rivers_large_a, chequers_serial_rivers_small_b,
          chequers_serial_rivers_micro_d
D:3:      layout_loops_cross, mainiacjoe_overflow_small_starburst,
          mainiacjoe_overflow_brackets, uniq_crazy_yiuf_cottage, uniq_grinder
D:4:      layout_gridville, bloody_makhleb, minivault_4, uniq_sigmund,
          uniq_robin
D:5:      layout_loops_cross, yredelemnul_forgotten_temple_becter,
          chequers_temple_overflow_minitemple, temple_hall, uniq_blork_the_orc
D:6:      layout_gridville, okawaru_ov_weapons_minmay,
          nicolae_overflow_hidden_temple, kennysheep_cross_bottleneck
D:7:      layout_loops_ring, tso_metal_star, minmay_hollow_rounded_squares

Skill      XL: |  1  2  3  4  5  6  7  8 |
---------------+-------------------------+-----
Unarmed Combat | 2 3 5 6 8 9 |  9.3
Evocations     | 2 4 |  4.0
Shapeshifting  | 2 |  2.6
Fighting       | |  2.6
Dodging        | |  1.7
Stealth        | |  4.5

Action                     |  1- 3 |  4- 6 |  7- 9 || total
---------------------------+-------+-------+-------++-------
  Melee: Unarmed           |   167 |   138 |   152 ||   457
         Punch             |     5 |     9 |     6 ||    20
         Dagger            |       |    16 |     5 ||    21
         Whip              |       |     1 |       ||     1
   Fire: Sling             |    20 |     4 |     9 ||    33
  Throw: Throwing net      |     1 |       |       ||     1
         Dart              |       |     4 |       ||     4
         Boomerang         |       |       |    10 ||    10
         Javelin           |       |       |     1 ||     1
  Evoke: Wand              |     3 |       |     4 ||     7
   Stab: Sleeping          |     4 |       |       ||     4
 Armour: Leather armour    |    62 |       |       ||    62
         Chain mail        |    34 |   116 |   174 ||   324
  Dodge: Dodged            |    99 |    48 |    63 ||   210

Table legend: (Time is in decaauts)
 A = Elapsed time spent in this place.
 B = Non-inter-level travel time spent in this place.
 C = Inter-level travel time spent in this place.
 D = Time resting spent in this place.
 E = Time spent auto-exploring this place.
 F = Levels seen in this place.
 G = Mean time per level.
                   A        B        C        D        E       F      G
               +--------+--------+--------+--------+--------+-----+--------+
         Total |   6979 |   6595 |    384 |    746 |   4275 |   7 |  997.0 |
       Dungeon |   6979 |   6595 |    384 |    746 |   4275 |   7 |  997.0 |
               +--------+--------+--------+--------+--------+-----+--------+

Top non-repeatable levels by time:
     D:5: 1288 daAuts
     D:4: 1233 daAuts
     D:1: 1190 daAuts
     D:6: 1017 daAuts
     D:3: 1015 daAuts
     D:2: 921 daAuts
     D:7: 311 daAuts
